 Dungeon Crawl Stone Soup version 0.30-a0-778-g2ef04afb54 (webtiles) character file.

Game seed: 17630103689947743292

141 xian the Shield-Bearer (level 5, -19/52 HPs)
             Began as a Troll Fighter on Feb 17, 2023.
             Demolished by an ogre
             ... wielding a +0 giant spiked club
              (28 damage)
             ... on level 4 of the Dungeon.
             The game lasted 00:05:37 (2126 turns).

xian the Shield-Bearer (Troll Fighter)              Turns: 2126, Time: 00:05:38

Health: -19/52     AC:  4    Str: 26    XL:     5   Next: 3%
Magic:  5/5        EV:  9    Int:  4    God:
Gold:   132        SH:  9    Dex: 15    Spells: 5/5 levels left

rFire   . . .      SeeInvis +    y - +2 hand axe (heavy)
rCold   . . .      Faith    .    c - +0 kite shield
rNeg    . . .      Spirit   .    b - +0 robe
rPois   .          Reflect  .    (helmet restricted)
rElec   .          Harm     .    (no cloak)
rCorr   .          Rampage  .    (gloves unavailable)
Will    .....                    (boots unavailable)
Stlth   ++                       v - amulet of regeneration
HPRegen 1.88/turn                p - ring of see invisible
MPRegen 0.09/turn                j - +6 ring of dexterity

@: no status effects
A: large, unfitting armour, claws 3, regeneration 1, shaggy fur 1, tough skin 1
a: no special abilities


You were on level 4 of the Dungeon.
You visited 1 branch of the dungeon, and saw 4 of its levels.

You collected 132 gold pieces.

Inventory:

Hand Weapons
 y - a +2 heavy hand axe (weapon)
Missiles
 n - 15 stones (quivered)
Armour
 b - a +0 robe (worn)
 c - a +0 kite shield (worn)
Jewellery
 e - a ring of wizardry
 j - a +6 ring of dexterity (right claw)
 p - a ring of see invisible (left claw)
 u - a ring of fire
 v - an amulet of regeneration (around neck)
 x - the ring "Allevvos" {Ice Will- Str+6}
   (You found it on level 3 of the Dungeon)

   [ring of ice]

   It enhances your ice magic.
   Str:       It affects your strength (+6).
   rF:        It makes you vulnerable to fire.
   rC:        It protects you from cold.
   Will:      It decreases your willpower.
Wands
 o - a wand of roots (5)
Scrolls
 g - a scroll of vulnerability
 l - a scroll of blinking
 m - a scroll of enchant weapon
 q - 5 scrolls of teleportation {unknown}
 r - a scroll of amnesia
 s - a scroll of fear
 w - a scroll of fog
Potions
 a - 2 potions of attraction {unknown}
 d - 2 potions of might
 f - a potion of heal wounds {unknown}
 h - 2 potions of resistance {unknown}
 i - 3 potions of curing


   Skills:
 + Level 2.8 Fighting
 + Level 0.2(1.5) Axes
 + Level 2.8(2.9) Maces & Flails
 + Level 3.0 Dodging
 + Level 0.4 Stealth
 + Level 3.2 Shields
 * Level 0.8 Spellcasting


You had 5 spell levels left.
You didn't know any spells.
Your spell library contained the following spells:

 Spells                   Type           Power      Damage    Failure   Level
 Beastly Appendage        Tmut           0%         N/A       77%         1
 Static Discharge         Conj/Air       0%         2-2/arc   88%         2
 Sublimation of Blood     Necr           0%         N/A       88%         2
 Wereblood                Tmut           0%         N/A       88%         2
 Frozen Ramparts          Ice            0%         1d1       98%         3
 Spider Form              Tmut/Pois      0%         N/A       98%         3
 Vhi's Electric Charge    Tloc/Air       0%         N/A       98%         3
 Ice Form                 Ice/Tmut       0%         N/A       100%        4
 Petrify                  Tmut/Erth      0%         N/A       100%        4
 Summon Ice Beast         Ice/Summ       0%         N/A       100%        4
 Arcjolt                  Conj/Air       0%         1d10      100%        5
 Irradiate                Conj/Tmut      0%         3d11      100%        5
 Lightning Bolt           Conj/Air       0%         1d11      100%        5


Dungeon Overview and Level Annotations

Branches:
Dungeon (4/15)
 Temple: D:4-7

Altars:
Fedhas


Innate Abilities, Weirdness & Mutations

You are too large for most types of armour.
You have claws for hands.
Your natural rate of healing is unusually fast.
You are covered in fur. (AC +1)
You have tough skin. (AC +1)


Message History

You open the door.
An endoplasm comes into view.
There is an open door here.
The endoplasm freezes you.
You are frozen.
You hit the endoplasm.
The endoplasm is heavily wounded.
The endoplasm freezes you.
You are frozen.
The endoplasm jiggles.
You block the endoplasm's attack.
You hit the endoplasm.
The endoplasm is almost dead.
The endoplasm freezes you.
You are frozen.
You block the endoplasm's attack.
You slice the endoplasm!!
You kill the endoplasm!
An ogre comes into view. It is wielding a +0 giant spiked club.
You throw a poisoned dart. The poisoned dart hits the ogre.
You throw a poisoned dart.
The poisoned dart barely misses the ogre.
The ogre barely misses you.
You barely miss the ogre. You block the ogre's attack.
You hit the ogre.
The ogre is lightly wounded.
The ogre hits you with a +0 giant spiked club.
You slice the ogre!!
The ogre is severely wounded.
The ogre hits you with a +0 giant spiked club!!
You hit the ogre.
The ogre is almost dead.
The ogre barely misses you.
The ogre hits you with a +0 giant spiked club!!
Ouch! That really hurt!
* * * LOW HITPOINT WARNING * * *
You hit the ogre.
The ogre is almost dead.
The ogre hits you with a +0 giant spiked club!!
Ouch! That really hurt!
You die...

### ..# #.# #.#
############## #.#
#......@O.(.(# #.#
#.##########.# #.#
#.# #........
######.# #.#
########. .......#
#.#######
##...#####........
.'...'...'........
##...#####........
.#...#####........


You could see an ogre.

Vanquished Creatures
  7 adders
  A white imp (D:4)
  A dart slug (D:2)
  2 orcs
  7 ball pythons
  5 endoplasms
  3 giant cockroaches
  2 goblins (D:1)
  8 hobgoblins
  3 jackals
  4 kobolds
  5 quokkas
  5 bats
  3 frilled lizards
  6 rats
62 creatures vanquished.

Notes
Turn   | Place    | Note
-------+----------+-------------------------------------------
     0 | D:1      | xian the Troll Fighter began the quest for the Orb.
     0 | D:1      | Reached XP level 1. HP: 22/22 MP: 0/0
   170 | D:1      | Reached XP level 2. HP: 29/29 MP: 1/1
   456 | D:1      | Reached XP level 3. HP: 34/36 MP: 2/2
  1201 | D:3      | Found a blossoming altar of Fedhas.
  1345 | D:3      | Identified the ring "Allevvos" {Ice Will- Str+6}
  1453 | D:3      | Reached XP level 4. HP: 44/44 MP: 3/3
  1665 | D:3      | Found a faded altar of an unknown god.
  2058 | D:4      | Reached XP level 5. HP: 50/52 MP: 5/5
  2114 | D:4      | Noticed an ogre
  2126 | D:4      | Demolished by an ogre

Illustrated notes

Levels and vault maps discovered:
D:1:      mainiacjoe_arrival_reflecting_pool, layout_basic,
          chequers_serial_rivers_marsh
D:2:      layout_rooms, skrybe_limestone_x, dk_noncrumbling_2
D:3:      layout_loops_corners, mainiacjoe_overflow_cross_hatched,
          nicolae_ecumenical_snake_handling
D:4:      layout_basic, uniq_crazy_yiuf_cottage, uniq_blork_the_orc

Skill      XL: |  1  2  3  4 |
---------------+-------------+-----
Shields        | 3 |  3.2
Maces & Flails | 2 |  2.8
Dodging        | 3 |  3.0
Fighting       | |  2.8
Axes           | |  0.2
Stealth        | |  0.4
Spellcasting   | |  0.8

Action                     |  1- 3 |  4- 6 || total
---------------------------+-------+-------++-------
  Melee: Flail             |   105 |     5 ||   110
         Hand axe          |       |    49 ||    49
  Throw: Dart              |       |     2 ||     2
    Use: Scroll            |       |     7 ||     7
   Stab: Sleeping          |     2 |       ||     2
         Distracted        |       |     1 ||     1
 Armour: Robe              |    44 |    18 ||    62
  Dodge: Dodged            |    50 |    24 ||    74
  Block: Kite shield       |    64 |    31 ||    95

Table legend: (Time is in decaauts)
 A = Elapsed time spent in this place.
 B = Non-inter-level travel time spent in this place.
 C = Inter-level travel time spent in this place.
 D = Time resting spent in this place.
 E = Time spent auto-exploring this place.
 F = Levels seen in this place.
 G = Mean time per level.
                   A        B        C        D        E       F      G
               +--------+--------+--------+--------+--------+-----+--------+
         Total |   2216 |   2174 |     42 |      0 |   1370 |   4 |  554.0 |
       Dungeon |   2216 |   2174 |     42 |      0 |   1370 |   4 |  554.0 |
               +--------+--------+--------+--------+--------+-----+--------+

Top non-repeatable levels by time:
     D:3: 842 daAuts
     D:2: 604 daAuts
     D:1: 563 daAuts
     D:4: 206 daAuts
